 Dungeon Crawl Stone Soup version 0.23.1 (webtiles) character file.

Game seed: 17483681852068602972

2023 vishdafish the Slasher (level 9, 0/89 HPs)
             Began as a Troll Berserker on Mar 17, 2019.
             Was an Elder of Trog.
             Slain by an orc warrior
             ... wielding a +0 short sword
              (7 damage)
             ... on level 5 of the Dungeon.
             The game lasted 00:05:23 (4282 turns).

vishdafish the Slasher (Troll Berserker)            Turns: 4282, Time: 00:05:24

Health: 0/89       AC:  7    Str: 30    XL:     9   Next: 3%
Magic:  8/8        EV: 10    Int:  3    God:    Trog [****..]
Gold:   312        SH:  0    Dex:  9    Spells: 8/8 levels left

rFire    . . .     SeeInvis .   p - +0 long sword
rCold    . . .     Gourm    +   (no shield)
rNeg     + . .     Faith    +   b - +0 animal skin
rPois    .         Spirit   .   (helmet restricted)
rElec    .         Reflect  .   (no cloak)
rCorr    .         Harm     .   (gloves unavailable)
MR       .....                  (boots unavailable)
Stlth    +.........             j - amulet of faith
HPRegen  0.64/turn              d - +1 ring of protection
MPRegen  0.11/turn              r - ring of positive energy

@: berserk cooldown, slowed, very slow
A: large, unfitting armour, claws 3, fast metabolism 3, gourmand, regeneration
1, shaggy fur 1, tough skin 3
a: Berserk, Trog's Hand, Brothers in Arms, Renounce Religion


You were on level 5 of the Dungeon.
You worshipped Trog.
Trog was greatly pleased with you.
You were not hungry.

You visited 1 branch of the dungeon, and saw 6 of its levels.

You collected 312 gold pieces.

Inventory:

Hand Weapons
 a - a +0 falchion
 p - a +0 long sword (weapon)
 D - a +1 falchion of distortion
Missiles
 y - 6 javelins (quivered)
Armour
 b - a +0 animal skin (worn)
Jewellery
 d - a +1 ring of protection (left claw)
 j - an amulet of faith (around neck)
 k - an uncursed ring of fire
 r - a ring of positive energy (right claw)
 C - a cursed ring of attention {unknown}
Wands
 z - a wand of random effects (20)
Scrolls
 e - a scroll of random uselessness {unknown}
 f - 8 scrolls of identify {unknown}
 g - a scroll of enchant armour {unknown}
 h - 4 scrolls of amnesia {unknown}
 i - a scroll of blinking {unknown}
 m - a scroll of immolation {unknown}
 v - 3 scrolls of fear {unknown}
 w - a scroll of teleportation {unknown}
 B - 2 scrolls of magic mapping {unknown}
Potions
 l - a potion of brilliance {unknown}
 n - 2 potions of degeneration {unknown}
 o - 2 potions of heal wounds {unknown}
 q - 2 potions of mutation {unknown}
 s - 2 potions of agility {unknown}
 t - a potion of haste {unknown}
 u - a potion of curing {unknown}
 x - 2 potions of resistance {unknown}
 A - a potion of magic {unknown}
Comestibles
 c - 10 rations


   Skills:
 + Level 5.8 Fighting
 * Level 7.8 Long Blades
 * Level 3.8 Throwing
 - Level 2.7 Dodging


You had 8 spell levels left.
You didn't know any spells.
Your spell library was empty.

Dungeon Overview and Level Annotations

Branches:
Dungeon (6/15)
 Temple: D:4-7

Altars:
Elyvilon
Gozag
Okawaru
Ru
Uskayaw
Vehumet
Xom
Zin

Shops:
D:4 =[}([


Innate Abilities, Weirdness & Mutations

You are too large for most types of armour.
You have claws for hands.
Your metabolism is lightning-fast.
You like to eat raw meat.
Your natural rate of healing is unusually fast.
You are covered in fur. (AC +1)
You have extremely tough skin. (AC +3)


Message History

* * * LOW HITPOINT WARNING * * *
Deactivating autopickup; reactivate with Ctrl-A.
You slash the orc warrior!
The orc warrior is heavily wounded.
The orc warrior hits you with a +0 short sword!
* * * LOW HITPOINT WARNING * * *
You barely miss the orc warrior.
The orc warrior is heavily wounded.
Something hits you but does no damage. The orc warrior barely misses you.
You are too berserk!
You closely miss the orc warrior.
The orc warrior is heavily wounded.
You are no longer berserk.
You are exhausted.
You feel yourself slow down. Something hits you.
* * * LOW HITPOINT WARNING * * *
Okay, then.
You fail to use your ability.
Something hits you but does no damage.
The orc warrior hits you with a +0 short sword!
You die...

#########..#.#####....#....##...
#........######..#....#.........
#........# #...#....#.........
#........# #...#....#.........
#........# ##'##....#..######.
########## #........#..#######
#........'......#..
#.)o.....#......#..
#.@......########## ##########


You could see an orc warrior.

Vanquished Creatures
  Pikel (D:4)
  Sigmund (D:2)
  Eustachio (D:5)
  2 ice beasts
  A sky beast (D:5)
  An ogre (D:5)
  A centaur (D:5)
  3 scorpions
  A howler monkey (D:4)
  2 crimson imps (D:5)
  2 bullfrog zombies
  2 orc priests
  2 orc wizards
  3 worker ants
  2 worker ant zombies
  4 gnolls
  5 adders
  An ooze (D:2)
  4 worms
  3 leopard geckos
  18 orcs
  4 bats
  7 giant cockroaches
  7 goblins
  5 hobgoblins
  6 jackals
  5 quokkas
  2 frilled lizards
  5 kobolds
  A quokka zombie (D:5)
  4 rats
106 creatures vanquished.

Vanquished Creatures (others)
  Grinder (D:4)
  2 worker ants (D:4)
  An adder (D:4)
  A gnoll (D:4)
  A worm (D:4)
  A leopard gecko (D:4)
  A leopard gecko skeleton (D:4)
8 creatures vanquished.

Grand Total: 114 creatures vanquished

Notes
Turn   | Place    | Note
-------+----------+-------------------------------------------
     0 | D:1      | vishdafish the Troll Berserker began the quest for the Orb.
     0 | D:1      | Reached XP level 1. HP: 22/22 MP: 0/0
   157 | D:1      | Reached XP level 2. HP: 29/29 MP: 1/1
   958 | D:2      | Found a white marble altar of Elyvilon.
   975 | D:2      | Found a hide-covered altar of Uskayaw.
   978 | D:2      | Reached XP level 3. HP: 36/36 MP: 2/2
   999 | D:2      | Noticed Sigmund
  1004 | D:2      | Reached skill level 3 in Long Blades
  1019 | D:2      | Killed Sigmund
  1019 | D:2      | Reached skill level 4 in Long Blades
  1019 | D:2      | Reached XP level 4. HP: 39/45 MP: 3/3
  1019 | D:2      | Reached XP level 5. HP: 46/53 MP: 4/4
  1157 | D:2      | Reached ** piety under Trog
  1198 | D:2      | Found a shimmering altar of Xom.
  1198 | D:2      | Found a glowing silver altar of Zin.
  1198 | D:2      | Noticed an angel
  1329 | D:2      | Found an iron altar of Okawaru.
  1355 | D:2      | Found a radiant altar of Vehumet.
  1468 | D:3      | Found a sacrificial altar of Ru.
  2365 | D:4      | Noticed Grinder
  2366 | D:4      | Noticed Pikel
  2367 | D:4      | Noticed a slave
  2367 | D:4      | Noticed a slave
  2367 | D:4      | Paralysed by Grinder for 6 turns
  2367 | D:4      | Noticed a slave
  2369 | D:4      | Noticed a slave
  2382 | D:4      | Killed Pikel
  2382 | D:4      | Reached skill level 6 in Long Blades
  2382 | D:4      | Reached XP level 6. HP: 61/63 MP: 5/5
  2382 | D:4      | Reached XP level 7. HP: 69/71 MP: 6/6
  2395 | D:4      | Killed Grinder
  2554 | D:4      | Reached *** piety under Trog
  2554 | D:4      | Reached skill level 5 in Fighting
  2554 | D:4      | Reached XP level 8. HP: 25/80 MP: 7/7
  2664 | D:4      | Found Uklul's Jewellery Shop.
  2705 | D:4      | Found Noprepeu's Antique Armour Shop.
  2857 | D:4      | Found Vir Xetengo's Weapon Shop.
  2871 | D:4      | Found Ciurifiu's Gadget Emporium.
  2907 | D:4      | Reached skill level 7 in Long Blades
  2907 | D:4      | Reached skill level 1 in Throwing
  3069 | D:4      | Found Edueb's Armour Emporium.
  3090 | D:5      | Entered Level 5 of the Dungeon
  3617 | D:5      | Noticed Eustachio
  3634 | D:5      | Killed Eustachio
  3813 | D:5      | Found an opulent altar of Gozag.
  3936 | D:5      | Reached **** piety under Trog
  4170 | D:6      | Reached XP level 9. HP: 51/89 MP: 8/8
  4282 | D:5      | Slain by an orc warrior

Skill      XL: |  1  2  3  4  5  6  7  8 |
---------------+-------------------------+-----
Long Blades    | 4 6 7 |  7.8
Fighting       | 3 4 5 |  5.8
Throwing       | 3 |  3.8
Dodging        | |  2.7

Action                   |  1- 3 |  4- 6 |  7- 9 || total
-------------------------+-------+-------+-------++-------
Melee: Falchion          |    68 |    66 |       ||   134
       Long sword        |       |    39 |   239 ||   278
Invok: Berserk           |       |     1 |     5 ||     6
 Stab: Sleeping          |     1 |       |       ||     1
       Distracted        |       |       |     1 ||     1
  Eat: Chunk             |     6 |    10 |    13 ||    29
       Ration            |       |     1 |     3 ||     4
Armor: Animal skin       |    17 |    35 |    95 ||   147
Dodge: Dodged            |    40 |    53 |   139 ||   232
       Rpst.: Falchion   |    12 |    18 |       ||    30
       Long sword        |       |     4 |    39 ||    43
